 Dungeon Crawl Stone Soup version 0.31-a0-1376-g36f0627844 (webtiles) character file.

Game seed: 1113745030040316005

702 Bnni the Digger (level 7, 0/52 HPs)
             Began as a Formicid Earth Elementalist on Dec 24, 2023.
             Slain by Pikel
             ... wielding a +1 whip of freezing
              (1 damage)
             ... on level 4 of the Dungeon.
             The game lasted 00:10:27 (4728 turns).

Bnni the Digger (Formicid Earth Elementalist)       Turns: 4728, Time: 00:10:28

Health: 0/52       AC:  7    Str: 13    XL:     7   Next: 98%
Magic:  1/12       EV: 11    Int: 16    God:
Gold:   74         SH:  0    Dex: 14    Spells: 7/13 levels left

rFire   . . .        p - +3 short sword (vamp)
rCold   . . .        (no shield)
rNeg    . . .        n - +3 leather armour
rPois   .            (helmet unavailable)
rElec   .            k - +0 cloak
rCorr   .            (no gloves)
SInv    +            (no boots)
Will    .....        (no amulet)
Stlth   ++           (no ring)
HPRegen 0.28/turn    (no ring)
MPRegen 0.13/turn

%: no passive effects
@: no status effects
A: permanent stasis, dig shafts and tunnels, antennae 3, four strong arms
a: Dig, Shaft Self


You were on level 4 of the Dungeon.
You visited 1 branch of the dungeon, and saw 4 of its levels.

You collected 191 gold pieces.
You spent 117 gold pieces at shops.

Inventory:

Hand Weapons
 f - a +0 trident
 p - a +3 vampiric short sword (weapon)
 t - a +2 dagger of electrocution
Missiles
 r - 5 poisoned darts
Armour
 k - a +0 cloak (worn)
 n - a +3 leather armour (worn)
 v - a +3 ring mail of willpower
 y - a +0 kite shield
Magical Staves
 a - a staff of alchemy
Wands
 s - a wand of polymorph (16)
Scrolls
 e - a scroll of immolation {unknown}
 g - a scroll of poison
 i - a scroll of enchant weapon
 j - a scroll of fog
 m - a scroll of amnesia {unknown}
 u - a scroll of vulnerability
Potions
 b - 2 potions of magic
 c - 2 potions of attraction {unknown}
 d - a potion of lignification {unknown}
 h - a potion of haste {unknown}
 l - 4 potions of curing
 o - 4 potions of heal wounds
 q - a potion of berserk rage {unknown}
 x - 2 potions of degeneration {unknown}
 z - a potion of brilliance {unknown}
 A - a potion of enlightenment {unknown}


   Skills:
 + Level 3.3 Fighting
 + Level 0.7 Armour
 - Level 1.7 Dodging
 - Level 2.4 Stealth
 + Level 1.0 Shields
 + Level 3.9 Spellcasting
 - Level 3.0 Conjurations
 + Level 2.2 Necromancy
 * Level 6.6 Earth Magic
 - Level 2.0 Alchemy


You had 7 spell levels left.
You knew the following spells:

 Your Spells              Type           Power      Damage    Failure   Level
a - Sandblast             Erth           48%        2d12      1%          1
b - Passwall              Alch/Erth      13%        N/A       5%          2
c - Stone Arrow           Conj/Erth      36%        3d9       9%          3

Your spell library contained the following spells:

 Spells                   Type           Power      Damage    Failure   Level
 Brom's Barrelling Bould  Conj/Erth      18%        2d4       30%         4
 Jinxbite                 Hex            6%         N/A       32%         2
 Petrify                  Alch/Erth      16%        N/A       36%         4
 Inner Flame              Hex/Fire       3%         N/A       54%         3
 Irradiate                Conj/Alch      5%         3d13      91%         5
 Summon Forest            Summ/Tloc      1%         N/A       99%         5
 Yara's Violent Unravell  Hex/Alch       3%         3d4       99%         5
 Eringya's Noxious Bog    Alch           4%         4d6       100%        6
 Enfeeble                 Hex            1%         N/A       100%        7
 Summon Hydra             Summ           1%         N/A       100%        7
 Ignition                 Fire           1%         3d3       100%        8


Dungeon Overview and Level Annotations

Branches:
Dungeon (4/15)
 Temple: D:4-7

Altars:

Shops:
D:1 ==?*   D:3 :

Annotations:
D:4 Pikel


Innate Abilities, Weirdness & Mutations

You cannot be hasted, slowed, berserked, paralysed or teleported.
You can dig through walls and to a lower floor.
You have a pair of large antennae on your head. (SInv)
Your four strong arms can wield two-handed weapons with a shield.


Message History

Pikel zaps a wand.
You easily resist.
Pikel hits you with a +1 whip of freezing.
Pikel freezes you.
Aiming: Sandblast (safe; 1% risk of failure)
Press: ? - help, Q - select action, (/) - cycle Shift-Dir - straight line, f/p - lemure
Aim: a lemure (severely wounded, 79% to hit)
The blast of sand misses Pikel.
The blast of sand misses the lemure.
The blast of sand hits the lemure.
The lemure is lightly wounded.
Pikel zaps a wand.
You easily resist.
Aiming: Sandblast (safe; 1% risk of failure)
Press: ? - help, Q - select action, (/) - cycle Shift-Dir - straight line, f - Pikel, p - lemure
Aim: Pikel, wielding a +1 whip of freezing, wearing a +0 robe and carrying a wand of charming (heavily wounded, 79% to hit)
The blast of sand hits Pikel but does no damage.
Pikel is heavily wounded.
Pikel zaps a wand.
You easily resist.
Pikel hits you with a +1 whip of freezing.
Pikel freezes you.
Unknown command.
Aiming: Sandblast (safe; 1% risk of failure)
Press: ? - help, Q - select action, (/) - cycle Shift-Dir - straight line, f/p - Pikel
Aim: Pikel, wielding a +1 whip of freezing, wearing a +0 robe and carrying a wand of charming (heavily wounded, 79% to hit)
The blast of sand misses Pikel.
The blast of sand hits the lemure.
The lemure is almost dead.
Pikel hits you with a +1 whip of freezing.
Pikel freezes you.
Aiming: Sandblast (safe; 1% risk of failure)
Press: ? - help, Q - select action, (/) - cycle Shift-Dir - straight line, f/p - Pikel
Aim: Pikel, wielding a +1 whip of freezing, wearing a +0 robe and carrying a wand of charming (heavily wounded, 79% to hit)
The blast of sand hits Pikel but does no damage.
Pikel is heavily wounded.
Pikel hits you with a +1 whip of freezing!
* * * LOW HITPOINT WARNING * * *
Pikel freezes you.
* * * LOW HITPOINT WARNING * * *
Pikel hits you with a +1 whip of freezing!
* * * LOW HITPOINT WARNING * * *
Pikel freezes you.
You die...
Pikel says, "See you in Hell!"

#........#
#)########
###.########
?..........#######
.##.######.......#
##...## #######.#
#.....# #.# ##...##
#.# ##.## #@# #.#
#K# #.# #5# ##†##
#5# ##.).## 55.
#.....## ...
.......## ...
........####...#.##
.....)..'......


You could see Pikel and 4 lemures.

Vanquished Creatures
  The ghost of Bizboz the Magician, an amateur DjAl (D:3)
  Blork the orc (D:4)
  A scorpion (D:3)
  2 orc priests (D:4)
  A jelly (D:4)
  Natasha (thrice) (D:2)
  Ijyb (D:4)
  Terence (D:2)
  An iguana (D:4)
  An orc wizard (D:4)
  Robin (D:4)
  4 gnolls (D:3)
  8 adders
  A worm (D:3)
  2 dart slugs
  7 orcs
  6 bats
  10 endoplasms
  4 giant cockroaches
  14 goblins
  6 hobgoblins
  9 jackals
  5 quokkas
  5 ball pythons
  A frilled lizard (D:1)
  6 kobolds
  8 rats
110 creatures vanquished.

Notes
Turn   | Place    | Note
-------+----------+-------------------------------------------
     0 | D:1      | Bnni the Formicid Earth Elementalist began the quest for
                  | the Orb.
     0 | D:1      | Reached XP level 1. HP: 13/13 MP: 3/3
   323 | D:1      | Found Xiewef's Jewellery Boutique.
   332 | D:1      | Reached XP level 2. HP: 20/20 MP: 3/5
   493 | D:1      | Reached skill level 4 in Earth Magic
   585 | D:1      | Found Efrazap's Jewellery Shop.
   746 | D:1      | Found Sygh's Magic Scroll Emporium.
   784 | D:1      | Reached XP level 3. HP: 25/25 MP: 1/6
   795 | D:1      | Reached skill level 1 in Fighting
  1030 | D:1      | Found Ophicu Niqych's General Store.
  1491 | D:2      | Reached skill level 1 in Conjurations
  1548 | D:2      | Noticed Natasha
  1553 | D:2      | Killed Natasha
  1554 | D:2      | Reached XP level 4. HP: 29/32 MP: 1/8
  1637 | D:2      | Noticed Terence
  1643 | D:2      | Killed Terence
  1647 | D:2      | Learned a level 2 spell: Passwall
  1651 | D:2      | Learned a level 3 spell: Stone Arrow
  1668 | D:2      | Reached XP level 5. HP: 37/37 MP: 6/9
  1932 | D:2      | Noticed Natasha
  1939 | D:2      | Killed Natasha
  1984 | D:2      | Reached skill level 5 in Earth Magic
  1996 | D:2      | Noticed Natasha
  1999 | D:2      | Killed Natasha
  2312 | D:3      | Found Ifecid's Book Shoppe.
  2365 | D:3      | Reached XP level 6. HP: 44/44 MP: 6/10
  2725 | D:3      | Found a large runed translucent door.
  2732 | D:3      | Found a large runed translucent door.
  2734 | D:3      | Noticed Bizboz's ghost (amateur DjAl)
  3192 | D:3      | Killed Bizboz's ghost
  3193 | D:3      | Reached skill level 1 in Necromancy
  3193 | D:3      | Reached XP level 7. HP: 50/51 MP: 6/12
  3317 | D:1      | Bought a scroll of noise for 13 gold pieces
  3317 | D:1      | Bought a scroll of identify for 26 gold pieces
  3317 | D:1      | Bought 3 scrolls of identify for 78 gold pieces
  3509 | D:4      | Noticed Robin
  3711 | D:4      | Killed Robin
  3712 | D:4      | Reached skill level 6 in Earth Magic
  3850 | D:4      | Noticed Blork the orc
  3857 | D:4      | Killed Blork the orc
  4102 | D:4      | Noticed Ijyb
  4146 | D:4      | Killed Ijyb
  4557 | D:4      | Reached skill level 1 in Shields
  4716 | D:4      | Noticed Pikel
  4728 | D:4      | HP: 1/52 [Pikel/+1 whip of freezing (7)]
  4728 | D:4      | Slain by Pikel

Illustrated notes

Levels and vault maps discovered:
D:1:      sevenhm_arrival_forest_fort_large_3, layout_loops_corners,
          serial_shops, nicolae_shop_behind_doors, nicolae_shop_crystal, shop,
          nicolae_shop_gaudy_bauble
D:2:      layout_loops_cross, uniq_natasha, uniq_terence
D:3:      layout_loops_ring, ebering_ghost_disaster_area, serial_shops, shop
D:4:      layout_loops_corners, uniq_ijyb, uniq_robin, uniq_blork_the_orc,
          uniq_pikel

Skill      XL: |  1  2  3  4  5  6  7 |
---------------+----------------------+-----
Alchemy        | 2 |  2.0
Earth Magic    | 4 5 6 |  6.6
Fighting       | 1 2 3 |  3.3
Conjurations   | 1 2 3 |  3.0
Spellcasting   | 3 |  3.9
Necromancy     | 1 2 |  2.2
Shields        | 1 |  1.0
Armour         | |  0.7
Dodging        | |  1.7
Stealth        | |  2.4

Action                     |  1- 3 |  4- 6 |  7- 9 || total
---------------------------+-------+-------+-------++-------
  Melee: Trident           |    15 |       |       ||    15
         Staff             |     6 |       |       ||     6
         Short sword       |       |    32 |     4 ||    36
         Punch             |       |     1 |       ||     1
         Unarmed           |       |       |    26 ||    26
   Cast: Sandblast         |    39 |    78 |    69 ||   186
    Use: Scroll            |       |       |     7 ||     7
   Stab: Sleeping          |     2 |       |       ||     2
 Armour: Robe              |     9 |       |       ||     9
         Leather armour    |     3 |    55 |    29 ||    87
         Skin              |       |       |    13 ||    13
  Dodge: Dodged            |    14 |    44 |    38 ||    96

Table legend: (Time is in decaauts)
 A = Elapsed time spent in this place.
 B = Non-inter-level travel time spent in this place.
 C = Inter-level travel time spent in this place.
 D = Time resting spent in this place.
 E = Time spent auto-exploring this place.
 F = Levels seen in this place.
 G = Mean time per level.
                   A        B        C        D        E       F      G
               +--------+--------+--------+--------+--------+-----+--------+
         Total |   4817 |   4647 |    170 |     27 |   3848 |   4 | 1204.2 |
       Dungeon |   4817 |   4647 |    170 |     27 |   3848 |   4 | 1204.2 |
               +--------+--------+--------+--------+--------+-----+--------+

Top non-repeatable levels by time:
     D:4: 1362 daAuts
     D:1: 1340 daAuts
     D:2: 1057 daAuts
     D:3: 1057 daAuts
